 Dungeon Crawl Stone Soup version 0.29.1-15-g9cfb28693d (webtiles) character file.

Game seed: 14117581403298365264

32 leafyfresh the Sneak (level 3, -9/26 HPs)
             Began as an Octopode Delver on Apr 6, 2023.
             Mangled by an ogre
             ... wielding a +0 giant club
              (35 damage)
             ... on level 4 of the Dungeon.
             The game lasted 00:00:13 (180 turns).

leafyfresh the Sneak (Octopode Delver)               Turns: 180, Time: 00:00:14

Health: -9/26      AC:  1    Str: 11    XL:     3   Next: 27%
Magic:  3/3        EV: 13    Int: 14    God:
Gold:   66         SH:  0    Dex: 13    Spells: 2/2 levels left

rFire   . . .      SeeInvis .   a - +0 short sword
rCold   . . .      Faith    .   (no shield)
rNeg    . . .      Spirit   .   (helmet restricted)
rPois   .          Reflect  .   (no amulet)
rElec   .          Harm     .   (no ring)
rCorr   .          Rampage  .   (no ring)
Will    .....                   (no ring)
Stlth   ++++......              (no ring)
HPRegen 0.08/turn               (no ring)
MPRegen 0.08/turn               (no ring)
                                (no ring)
                                (no ring)

@: no status effects
A: almost no armour, amphibious, 8 rings, camouflage 1, gelatinous body 1,
(nimble swimmer 1), tentacles
a: no special abilities


You were on level 4 of the Dungeon.
You visited 1 branch of the dungeon, and saw 2 of its levels.

You collected 66 gold pieces.

Inventory:

Hand Weapons
 a - a +0 short sword (weapon)
Jewellery
 i - a +6 ring of intelligence
Wands
 f - a wand of digging (3)
Scrolls
 b - a scroll of fog
 c - a scroll of magic mapping
 d - a scroll of fear
 h - 2 scrolls of identify {unknown}
 j - a scroll of poison {unknown}
 k - a scroll of teleportation {unknown}
Potions
 e - a potion of haste
 g - a potion of brilliance {unknown}


   Skills:
 + Level 3.4 Fighting
 - Level 2.0 Short Blades
 + Level 2.6 Dodging
 + Level 7.1 Stealth


You had 2 spell levels left.
You didn't know any spells.
Your spell library was empty.

Dungeon Overview and Level Annotations

Branches:
Dungeon (5/15)
 Temple: D:4-7

Altars:
Yredelemnul


Innate Abilities, Weirdness & Mutations

You cannot wear most types of armour.
You are amphibious.
You can wear up to eight rings at the same time.
Your skin changes colour to match your surroundings (Stealth+).
Your rubbery body absorbs attacks. (AC +1, EV +1)
((You are camouflaged when in or above water. (Stealth+)))
You have tentacles for arms and can constrict up to eight enemies at once.


Message History

No target in view!
You now have 33 gold pieces (gained 13).
Found a stone staircase leading up.
i - a +6 ring of intelligence No target in view!
Found a stone staircase leading down.
No target in view!
There is a stone staircase leading down here.
Found an escape hatch in the ceiling.
No target in view!
There is a stone staircase leading down here.
There is a stone staircase leading up here.
You climb upwards.
Found 17 gold pieces and a scroll labelled CUZYEMICZA.
There is a stone staircase leading down here.
A ball python is nearby!
The helpless ball python fails to defend itself.
You impale the ball python!!
You kill the ball python!
j - a scroll labelled CUZYEMICZA No target in view!
No target in view!
You now have 50 gold pieces (gained 17).
You now have 52 gold pieces (gained 2).
Found a stone staircase leading down and a stone staircase leading up.
No target in view!
Found a leather armour.
No target in view!
h - 2 scrolls labelled JEKUUDAHOF (gained 1)
You now have 66 gold pieces (gained 14).
k - a scroll labelled ACWOCRYSET No target in view!
An ogre comes into view. It is wielding a +0 giant club.
Found a book of Spectacle.
The ogre shouts!
An ogre is nearby!
You barely miss the ogre.
The ogre hits you with a +0 giant club!!
Ouch! That really hurt!
You die...

...... #
##...#.. #.
#.#.....
###.##
#......
#.....
###.#...
#...:.###
######......#
#....O@.#
#......#....#
#.....#.#
#......#....#
#.....#.#
#........#...
#######.#
#.....>###..#
#.#
#....†......#
#.#
###########..
#.# #.#
#.###### #.#
#.##...#####
#..


You could see an ogre.

Vanquished Creatures
  A hound (D:5)
  An orc (D:5)
  A ball python (D:4)
3 creatures vanquished.

Notes
Turn   | Place    | Note
-------+----------+-------------------------------------------
     0 | D:5      | leafyfresh the Octopode Delver began the quest for the Orb.
     0 | D:5      | Reached XP level 1. HP: 16/16 MP: 1/1
    22 | D:5      | Noticed a hound
    25 | D:5      | Killed a hound
    26 | D:5      | Reached skill level 7 in Stealth
    26 | D:5      | Reached XP level 2. HP: 20/21 MP: 2/2
    26 | D:5      | Reached XP level 3. HP: 24/26 MP: 3/3
   178 | D:4      | Noticed an ogre
   180 | D:4      | Mangled by an ogre

Illustrated notes

Levels and vault maps discovered:
D:4:      layout_loops_cross, lemuel_mausoleum_altar_kikubaaqudgha,
          kennysheep_generic_room_5, uniq_menkaure
D:5:      layout_basic, amcnicky_altar_gilded, mainiacjoe_overflow_big_doors,
          dk_noncrumbling_3, hangedman_decor_growths, kennysheep_pointless_box,
          palyth_stone_intersect

Skill      XL: |  1 |
---------------+----+-----
Stealth        | 7 |  7.1
Fighting       | |  3.4
Short Blades   | |  2.0
Dodging        | |  2.6

Action                   || total
-------------------------++-------
Melee: Short sword       ||     7
       Constrict         ||     2
       Tentacles         ||     2
 Stab: Sleeping          ||     1
Dodge: Dodged            ||     4
